 Dungeon Crawl Stone Soup version 0.20.1-1-g8b1a95d (webtiles) character file.

114060 Mitsuki the Severer (level 16, -1/196 HPs)
             Began as a Minotaur Berserker on Sept 10, 2017.
             Was a High Priest of Trog.
             Slain by a naga
             ... wielding a +0 battleaxe
              (9 damage)
             ... on level 4 of the Snake Pit.
             The game lasted 03:28:42 (25758 turns).

Mitsuki the Severer (Minotaur Berserker)           Turns: 25758, Time: 03:28:44

Health: -1/196     AC: 24    Str: 33    XL:     16   Next: 15%
Magic:  15/15      EV: 13    Int: 16    God:    Trog [*****.]
Gold:   1644       SH: 22    Dex: 11    Spells: 15/15 levels left

rFire    . . .     SeeInvis .   T - +1 hand axe of Mourning {freeze, Int+7}
rCold    . . .     Gourm    .   M - +4 shield "Saduixt" {rPois Int+3 Dex-2}
rNeg     + . .     Faith    .   l - +0 plate armour
rPois    .         Spirit   .   (helmet restricted)
rElec    .         Reflect  +   K - +0 cloak
rCorr    .         Harm     .   X - +2 pair of gloves
MR       +....     Clarity  +   (no boots)
Stlth    ..........             q - +2 amulet of reflection
Regen    0.5/turn               A - +1 ring of protection
MPRegen  0.2/turn               R - ring of positive energy

@: berserking, lethally poisoned (-1 -> -16), poison vulnerable, hasted and
slowed
A: retaliatory headbutt, horns 2, iridescent scales 1, thin skeletal structure
1, clarity, clever 1, frail 1, sense surroundings 1
a: Berserk, Trog's Hand, Brothers in Arms, Burn Spellbooks, Renounce Religion


You were on level 4 of the Snake Pit.
You worshipped Trog.
Trog was extremely pleased with you.
You were very hungry.

You visited 4 branches of the dungeon, and saw 21 of its levels.
You also visited: Ossuary and Volcano.

You collected 1881 gold pieces.
You spent 237 gold pieces at shops.

Inventory:

Hand Weapons
 a - a +0 broad axe
 b - a +1 hunting sling of velocity
 T - the +1 hand axe of Mourning (weapon) {freeze, Int+7}
   (You acquired it on level 3 of the Snake Pit)

   It has been specially enchanted to freeze those struck by it, causing extra
   injury to most foes and up to half again as much damage against particularly
   susceptible opponents.
   It can also slow down cold-blooded creatures.
   It affects your intelligence (+7).
Missiles
 D - 115 sling bullets
Armour
 l - a +0 plate armour (worn)
 K - a +0 cloak (worn)
 M - the +4 shield "Saduixt" (worn) {rPois Int+3 Dex-2}
   (You bought it in a shop on level 10 of the Dungeon)

   It affects your intelligence (+3).
   It affects your dexterity (-2).
   It protects you from poison.
 X - a +2 pair of gloves (worn)
Jewellery
 q - a +2 amulet of reflection (around neck)
 A - a +1 ring of protection (left hand)
 N - an uncursed ring of flight
 O - an uncursed ring of resist corrosion
 R - a ring of positive energy (right hand)
Wands
 g - a wand of paralysis (16/24)
 h - a wand of iceblast (10/15)
 j - a wand of paralysis (13/24)
 E - a wand of digging (12/24)
 V - a wand of confusion (23/48)
Scrolls
 e - 17 scrolls of identify
 f - 7 scrolls of fear
 m - a scroll of magic mapping
 n - a scroll of enchant weapon
 o - 7 scrolls of teleportation
 v - 7 scrolls of blinking
 B - 2 scrolls of fog
Potions
 i - 2 potions of heal wounds
 k - a potion of invisibility
 p - 4 potions of lignification
 t - 7 potions of haste
 w - 2 potions of flight
 x - 7 potions of curing
 z - a potion of ambrosia
 C - a potion of brilliance
 G - 4 potions of cancellation
 P - a potion of might
 U - a potion of resistance
 Y - a potion of agility
Comestibles
 c - 19 bread rations
 d - 10 royal jellies
 F - 4 meat rations


   Skills:
 + Level 14.1 Fighting
 + Level 18.5 Axes
 + Level 14.5 Armour
 - Level 9.2 Dodging
 - Level 1.0 Stealth
 + Level 16.9 Shields


You had 15 spell levels left.
You didn't know any spells.

Dungeon Overview and Level Annotations

Branches:
Dungeon (10/15)            Temple (1/1) D:6            Lair (6/6) D:8
 Shoals (0/4) Lair:4        Snake (4/4) Lair:3        Slime (0/5) Lair:6
    Orc: D:9-12

Altars:
Ashenzari
Cheibriados
Dithmenos
Elyvilon
Fedhas
Gozag
Hepliaklqana
Kikubaaqudgha
Makhleb
Nemelex Xobeh
Okawaru
Qazlal
Ru
Sif Muna
Trog
Uskayaw
Vehumet
Xom
Yredelemnul
Zin
The Shining One

Shops:
D:8 }   D:10 [

Annotations:
Snake:4 exclusion: 2 doors


Innate Abilities, Weirdness & Mutations

You reflexively headbutt those who attack you in melee.
You have a pair of horns on your head.
You are partially covered in iridescent scales. (AC +2)
You have a somewhat thin skeletal structure. (Dex +2, Stealth)
You possess an exceptional clarity of mind.
Your mind is acute. (Int +2)
You are frail. (-10% HP)
You passively map a small area around you.


Message History

The naga ritualist is severely wounded.
You feel sick. You block the naga's attack.
You hit the naga ritualist. You freeze the naga ritualist.
The naga ritualist is severely wounded.
You hit the naga but do no damage. You block the naga ritualist's attack.
The naga ritualist grabs you. The naga ritualist constricts you.
The naga spits poison at you. The splash of poison hits you!
You are lethally poisoned!
The naga spits poison at you. The splash of poison hits you!
You are more poisoned.
You slash the naga ritualist! You freeze the naga ritualist.
You kill the naga ritualist!
Trog accepts your kill.
Trog appreciates your killing of a magic user.
You slash the naga! You freeze the naga.
* * * LOW HITPOINT WARNING * * *
You feel sick. The naga hits you with a battleaxe!
You die...

...# #...# #..............
...######...#####
#.##.....##++##
...........#....######....##
#
..........N......####....##
##........#.......#.....##,
,, ##......#....N........##
, * ##............#NN.....#
.............###))...## , *
...#####.....# #@N..## ,
...#####.....###...##
#...).........#.).## ,
##...............##, *
###.....###(...## , * ,
#...### #...##, ,* , ##.##
#..## * ### ####, , , * , ,,
,


You could see a naga mage and 3 nagas.

Vanquished Creatures
  Donald (Snake:2)
  A nagaraja (Snake:4)
  Roxanne (Snake:2)
  Aizul (Snake:1)
  Erolcha (D:9)
  A hydra (Lair:2)
  9 naga warriors
  11 anacondas
  3 two-headed ogres
  The ghost of nano the Unseen, a journeyman SpEn of Okawaru (Lair:2)
  7 shock serpents
  9 naga sharpshooters
  A salamander mystic (Snake:4)
  2 skeletal warriors (Volcano)
  3 naga ritualists (Snake:4)
  3 mana vipers
  7 salamanders
  A manticore (Lair:4)
  3 guardian serpents
  3 elephants (Lair:6)
  Maurice (D:9)
  Joseph (D:7)
  30 black mambas
  5 naga magi
  2 molten gargoyles (Lair:4)
  3 gargoyles (Volcano)
  37 spiny frogs
  4 rime drakes
  6 komodo dragons
  3 tyrant leeches (Lair:6)
  A harpy skeleton (Volcano)
  A merfolk (Lair:4)
  16 blink frogs (Lair:6)
  Prince Ribbit (D:8)
  9 hippogriffs
  2 flying skulls (Volcano)
  A vampire (D:10)
  An alligator skeleton (Volcano)
  28 yaks
  A wyvern (Lair:6)
  A basilisk (Lair:6)
  2 hungry ghosts
  6 vampire mosquitoes (Lair:6)
  3 wargs (D:8)
  42 nagas
  2 hell hounds (Lair:4)
  20 water moccasins
  A hornet zombie (D:10)
  2 orc warriors
  6 porcupines
  2 sky beasts (D:9)
  2 black bears
  8 necrophages
  6 ogres
  7 wolves
  16 crocodiles
  A centaur (D:6)
  A big kobold (D:9)
  23 bullfrogs
  2 scorpions
  9 killer bees
  3 troll skeletons (Volcano)
  3 electric eels
  2 crimson imps
  5 lava snakes (Lair:4)
  2 centaur zombies
  23 jellies
  A quasit (D:7)
  3 centaur skeletons
  A bullfrog skeleton (D:7)
  5 orc priests
  A hound (D:10)
  13 orc wizards
  An iguana (D:10)
  Terence (D:3)
  7 worker ants
  A killer bee zombie (D:9)
  A big kobold zombie (Ossuary)
  A hound zombie (D:5)
  A hound skeleton (D:8)
  8 mummies (Ossuary)
  A worker ant zombie (D:6)
  14 adders
  3 gnolls (D:3)
  2 river rats (Lair:2)
  A shadow imp (D:8)
  8 oozes
  An adder zombie (D:7)
  3 adder skeletons
  6 worms
  3 dart slugs
  11 leopard geckos
  44 orcs
  9 bats
  4 giant cockroaches
  3 gnoll zombies (Ossuary)
  3 goblins
  7 hobgoblins
  9 jackals
  10 quokkas
  4 ball pythons
  14 frilled lizards
  A hobgoblin zombie (Ossuary)
  A jackal skeleton (D:5)
  13 kobolds
  A kobold zombie (Ossuary)
  2 orc zombies (Ossuary)
  5 rats
  11 fungi
  15 plants
676 creatures vanquished.

Vanquished Creatures (collateral kills)
  Frances (Snake:1)
  3 hydras
  A naga sharpshooter (Snake:2)
  A mana viper (Snake:1)
  A black mamba (Snake:2)
  A komodo dragon (Lair:1)
  3 nagas (Snake:2)
  A porcupine (Lair:2)
  A crocodile (Lair:1)
  A river rat (Lair:2)
14 creatures vanquished.

Vanquished Creatures (others)
  3 naga sharpshooters
  A flying skull (Volcano)
  2 centaurs
  10 fungi
  36 plants
52 creatures vanquished.

Grand Total: 742 creatures vanquished

Notes
Turn   | Place    | Note
-------+----------+-------------------------------------------
     0 | D:1      | Mitsuki the Minotaur Berserker began the quest for the Orb.
     0 | D:1      | Reached XP level 1. HP: 19/19 MP: 0/0
   148 | D:1      | Reached XP level 2. HP: 27/27 MP: 1/1
   205 | D:1      | Reached skill level 4 in Axes
   544 | D:1      | Reached XP level 3. HP: 23/33 MP: 2/2
   716 | D:1      | Reached ** piety under Trog
  1700 | D:2      | Reached XP level 4. HP: 41/41 MP: 3/3
  1802 | D:2      | Found a shattered altar of Ashenzari.
  1932 | D:3      | Noticed Terence
  1944 | D:3      | Killed Terence
  2033 | D:3      | Reached skill level 5 in Axes
  2087 | D:3      | Reached *** piety under Trog
  2092 | D:3      | Reached skill level 1 in Shields
  2092 | D:3      | Reached XP level 5. HP: 47/47 MP: 4/4
  2558 | D:3      | Reached **** piety under Trog
  2558 | D:3      | Reached skill level 6 in Axes
  2558 | D:3      | Reached XP level 6. HP: 41/55 MP: 5/5
  2704 | D:3      | Reached skill level 5 in Fighting
  3046 | D:4      | Found a sand-covered staircase.
  3053 | Ossuary  | Entered an ossuary
  3086 | Ossuary  | Reached skill level 7 in Axes
  3289 | Ossuary  | Reached XP level 7. HP: 47/61 MP: 6/6
  3708 | D:4      | Found a stormy altar of Qazlal.
  4000 | D:4      | Found a snail-covered altar of Cheibriados.
  4010 | D:4      | Reached ***** piety under Trog
  4057 | D:4      | Reached skill level 8 in Axes
  4448 | D:5      | Entered Level 5 of the Dungeon
  4453 | D:5      | Found a sparkling altar of Nemelex Xobeh.
  4696 | D:5      | Reached XP level 8. HP: 69/69 MP: 7/7
  4827 | D:5      | Reached skill level 9 in Axes
  4827 | D:5      | Reached skill level 5 in Armour
  4929 | D:5      | Received a gift from Trog
  4935 | D:5      | Found a blossoming altar of Fedhas.
  5111 | D:5      | Reached skill level 1 in Stealth
  5657 | D:6      | Found a glowing silver altar of Zin.
  5657 | D:6      | Found a glowing golden altar of the Shining One.
  5700 | D:6      | Gained mutation: You are frail. (-10% HP) [potion of mutation]
  5700 | D:6      | Gained mutation: You are very frail. (-20% HP) [potion of mutation]
  5700 | D:6      | Gained mutation: You are agile. (Dex +2) [potion of mutation]
  5742 | D:6      | Found a staircase to the Ecumenical Temple.
  5752 | Temple   | Entered the Ecumenical Temple
  6071 | D:6      | Reached skill level 10 in Axes
  6328 | D:6      | Found a white marble altar of Elyvilon.
  6522 | D:7      | Reached XP level 9. HP: 60/62 MP: 8/8
  6871 | D:7      | Found a hide-covered altar of Uskayaw.
  6872 | D:7      | Found a shattered altar of Ashenzari.
  6911 | D:7      | Reached skill level 5 in Shields
  6934 | D:7      | Noticed Joseph
  6944 | D:7      | Received a gift from Trog
  6955 | D:7      | Killed Joseph
  6955 | D:7      | Reached skill level 11 in Axes
  7444 | D:7      | Lost mutation: You are agile. (Dex +2) [potion of mutation]
  7444 | D:7      | Lost mutation: You are very frail. (-20% HP) [potion of mutation]
  7444 | D:7      | Lost mutation: You are frail. (-10% HP) [potion of mutation]
  7444 | D:7      | Gained mutation: You are partially covered in iridescent scales. (AC +2) [potion of mutation]
  7444 | D:7      | Gained mutation: You have a somewhat thin skeletal structure. (Dex +2, Stealth) [potion of mutation]
  7444 | D:7      | Gained mutation: You passively map a small area around you. [potion of mutation]
  7554 | D:8      | Noticed a two-headed ogre
  7562 | D:8      | Killed a two-headed ogre
  7830 | D:8      | Noticed Prince Ribbit
  7833 | D:8      | Killed Prince Ribbit
  7833 | D:8      | Reached skill level 12 in Axes
  7833 | D:8      | Reached XP level 10. HP: 88/88 MP: 9/9
  8116 | D:8      | Found Nookh's Gadget Shop.
  8151 | D:8      | Noticed a two-headed ogre
  8168 | D:8      | Killed a two-headed ogre
  8170 | D:8      | Found a staircase to the Lair.
  8614 | D:9      | Reached skill level 13 in Axes
  8683 | D:9      | Noticed Erolcha
  8696 | D:9      | Killed Erolcha
  8812 | D:9      | Noticed Maurice
  8839 | D:9      | Killed Maurice
  8906 | D:9      | Reached XP level 11. HP: 95/95 MP: 10/10
  9352 | D:10     | Entered Level 10 of the Dungeon
  9402 | D:10     | Found Kieck's Antique Armour Boutique.
  9427 | D:10     | Bought a crude shield for 237 gold pieces
  9427 | D:10     | Identified the +4 shield "Saduixt" {rPois Int+3 Dex-2} (You bought it in a shop on level 10 of the Dungeon)
  9613 | D:10     | Noticed a two-headed ogre
  9623 | D:10     | Killed a two-headed ogre
 10142 | D:10     | Reached skill level 14 in Axes
 10415 | Lair:1   | Entered Level 1 of the Lair of Beasts
 10591 | Lair:1   | Reached skill level 10 in Armour
 10769 | Lair:1   | Noticed a six-headed hydra
 10801 | Lair:1   | Killed an 11-headed hydra
 10849 | Lair:1   | Reached skill level 10 in Shields
 11069 | Lair:1   | Reached skill level 10 in Fighting
 11462 | Lair:2   | Noticed a six-headed hydra
 11474 | Lair:2   | Killed a 12-headed hydra
 11474 | Lair:2   | Reached skill level 15 in Axes
 11474 | Lair:2   | Reached XP level 12. HP: 58/106 MP: 11/11
 11798 | Lair:2   | Received a gift from Trog
 11960 | Lair:2   | Noticed a six-headed hydra
 11990 | Lair:2   | Killed a 13-headed hydra
 12257 | Lair:2   | Noticed nano's ghost (journeyman SpEn)
 12643 | Lair:2   | Killed nano's ghost
 13232 | Lair:3   | Reached XP level 13. HP: 106/114 MP: 12/12
 13291 | Lair:3   | Found a staircase to the Snake Pit.
 14408 | Lair:4   | Found a dark tunnel.
 14422 | Volcano  | Entered a volcano
 14619 | Volcano  | Reached skill level 16 in Axes
 14835 | Lair:4   | Found a staircase to the Shoals.
 16085 | Lair:5   | Received a gift from Trog
 16689 | Lair:6   | Entered Level 6 of the Lair of Beasts
 16813 | Lair:6   | Reached XP level 14. HP: 122/124 MP: 13/13
 17403 | Lair:6   | Got a heavy robe
 17789 | Lair:6   | Identified the +2 robe of Eternal Night {Dex+3} (You found it on level 6 of the Lair of Beasts)
 17815 | Lair:6   | Found a staircase to the Slime Pits.
 17971 | Lair:6   | Reached skill level 17 in Axes
 18323 | Lair:4   | Received a gift from Trog
 18961 | Snake:1  | Entered Level 1 of the Snake Pit
 18970 | Snake:1  | Noticed Frances
 18995 | Snake:1  | Killed Frances
 19132 | Snake:1  | Noticed Aizul
 19177 | Snake:1  | Killed Aizul
 20421 | Snake:1  | Reached XP level 15. HP: 135/135 MP: 14/14
 20906 | Snake:2  | Reached skill level 15 in Shields
 20958 | Snake:2  | Noticed Roxanne
 21098 | Snake:2  | Noticed Donald
 21115 | Snake:2  | Killed Donald
 21413 | Snake:2  | Gained mutation: Potions are less effective at restoring your health. [mutagenic meat]
 21880 | Snake:2  | Killed Roxanne
 22090 | Snake:2  | Identified Roxanne's Almanac of Transformation (You took it off Roxanne on level 2 of the Snake Pit)
 22523 | Snake:3  | Reached skill level 18 in Axes
 22959 | Snake:3  | Received a gift from Trog
 23297 | Snake:3  | Identified a scroll of acquirement
 23300 | Snake:3  | Identified the +1 hand axe of Mourning {freeze, Int+7} (You acquired it on level 3 of the Snake Pit)
 23932 | Snake:4  | Entered Level 4 of the Snake Pit
 23974 | Snake:2  | Gained mutation: You are weak. (Str -2) [a Zot trap]
 23974 | Snake:2  | Gained mutation: You are dopey. (Int -2) [a Zot trap]
 24129 | Snake:4  | Noticed a nagaraja
 25547 | Snake:4  | Reached XP level 16. HP: 139/146 MP: 5/15
 25600 | Snake:4  | Gained mutation: You possess an exceptional clarity of mind. [mutagenic meat]
 25602 | Snake:4  | Lost mutation: Potions are less effective at restoring your health. [mutagenic meat]
 25603 | Snake:4  | Lost mutation: You are weak. (Str -2) [mutagenic meat]
 25604 | Snake:4  | Gained mutation: Armour fits poorly on your strangely shaped body. [mutagenic meat]
 25605 | Snake:4  | Lost mutation: Armour fits poorly on your strangely shaped body. [potion of mutation]
 25605 | Snake:4  | Lost mutation: You are dopey. (Int -2) [potion of mutation]
 25605 | Snake:4  | Lost mutation: You have a somewhat thin skeletal structure. (Dex +2, Stealth) [potion of mutation]
 25605 | Snake:4  | Gained mutation: You have a somewhat thin skeletal structure. (Dex +2, Stealth) [potion of mutation]
 25605 | Snake:4  | Gained mutation: You are frail. (-10% HP) [potion of mutation]
 25605 | Snake:4  | Gained mutation: Your mind is acute. (Int +2) [potion of mutation]
 25741 | Snake:4  | HP: 4/131 [guardian serpent/bolt of poison (6)]
 25756 | Snake:4  | HP: 9/196 [poisoned by a naga ritualist (toxic radiance)]
 25758 | Snake:4  | Slain by a naga

Skill      XL: |  1  2  3  4  5  6  7  8  9 10 11 12 13 14 15 |
---------------+----------------------------------------------+-----
Axes           | 4 5 6 7 8 10 12 13 15 16 17 18 | 18.5
Fighting       | 4 5 6 8 10 11 13 14 | 14.1
Dodging        | 3 9 |  9.2
Armour         | 3 4 6 7 9 10 11 13 14 | 14.5
Shields        | 1 2 3 4 6 8 10 11 12 14 16 | 16.9
Stealth        | 1 |  1.0

Action                   |  1- 3 |  4- 6 |  7- 9 | 10-12 | 13-15 | 16-18 || total
-------------------------+-------+-------+-------+-------+-------+-------++-------
Melee: Hand axe          |   100 |   128 |       |       |   229 |    67 ||   524
       Headbutt          |    13 |    24 |    43 |   108 |   338 |    25 ||   551
       War axe           |       |    48 |   228 |   415 |   893 |       ||  1584
       Unarmed           |       |       |       |     8 |     5 |       ||    13
       Broad axe         |       |       |       |       |   220 |       ||   220
 Fire: Hunting sling     |       |       |    14 |    18 |    21 |       ||    53
Throw: Stone             |       |       |     1 |       |       |       ||     1
Invok: Berserk           |       |     4 |       |     2 |     5 |     2 ||    13
       Burn Spellbooks   |       |       |     1 |       |     2 |       ||     3
       Trog's Hand       |       |       |     1 |     1 |    13 |     1 ||    16
       Brothers in Arms  |       |       |       |     4 |     4 |       ||     8
 Abil: Evoke Flight      |       |       |       |     1 |     2 |       ||     3
  Use: Scroll            |     3 |     3 |     8 |     4 |    15 |     1 ||    34
       Potion            |     1 |    10 |     4 |     4 |     3 |     4 ||    26
 Stab: Invisible         |       |       |     1 |       |       |       ||     1
       Confused          |       |       |       |       |     1 |       ||     1
       Distracted        |       |       |       |       |     1 |       ||     1
  Eat: Chunk             |     2 |     7 |     5 |    17 |    28 |     6 ||    65
       Fruit             |       |     1 |     5 |       |     7 |       ||    13
       Meat ration       |       |     1 |     1 |       |     1 |       ||     3
       Royal jelly       |       |       |     1 |     3 |     7 |     1 ||    12
Armor: Animal skin       |    12 |       |       |       |       |       ||    12
       Ring mail         |     5 |     4 |       |       |       |       ||     9
       Scale mail        |       |    37 |     2 |       |       |       ||    39
       Chain mail        |       |       |    44 |       |       |       ||    44
       Plate armour      |       |       |    29 |   193 |   235 |    21 ||   478
Dodge: Dodged            |    47 |    40 |    40 |    81 |   217 |    28 ||   453
Block: Shield            |    31 |    58 |   128 |   306 |   969 |    73 ||  1565
       Reflection        |       |     2 |     5 |     9 |    80 |    12 ||   108
       Other             |       |       |       |       |     1 |       ||     1
